 Dungeon Crawl Stone Soup version 0.31.0-12-g77e489cdc1 (webtiles) character file.

Game seed: 18418046603392173853

1150 Gadfly the Insei (level 8, 0/47 (58) HPs)
             Began as a Demonspawn Monk on Feb 11, 2024.
             Slain by an orc
             ... wielding a +0 mace
              (4 damage)
             ... on level 5 of the Dungeon.
             The game lasted 00:09:36 (5302 turns).

Gadfly the Insei (Demonspawn Monk)                  Turns: 5302, Time: 00:09:37

HP:   0/47 (58)     AC:  8    Str: 13    XL:     8   Next: 15%
MP:   8/8           EV: 14    Int: 11    God:
Gold: 44            SH:  0    Dex: 16    Spells: 7/7 levels left

rFire   . . .        b - +2 flail (venom)
rCold   . . .        c - orb {light}
rNeg    . . .        h - +2 animal skin
rPois   .            d - melded +0 helmet
rElec   .            k - melded +0 cloak
rCorr   .            (gloves currently unavailable)
SInv    .            l - melded +0 pair of boots
Will    .....        (no amulet)
Stlth   +            o - +4 ring of protection
HPRegen 0.27/turn    (no ring)
MPRegen 0.11/turn

%: no passive effects
@: beast-form, glowing, heavily drained
A: beast (slay +2), foul stench 2, demonic touch 2
a: Begin Untransformation


You were on level 5 of the Dungeon.
You were a hulking beast.
You visited 1 branch of the dungeon, and saw 6 of its levels.

You collected 232 gold pieces.
You spent 188 gold pieces at shops.

Inventory:

Hand Weapons
 b - a +2 flail of venom (weapon)
 f - a +2 spear of freezing
 q - a +2 short sword of draining
 r - a +2 flail of protection
Armour
 c - an orb of light (worn)
 d - a +0 helmet (melded)
 h - a +2 animal skin (worn)
 k - a +0 cloak (melded)
 l - a +0 pair of boots (melded)
Jewellery
 o - a +4 ring of protection (left hand)
Talismans
 e - a talisman of death
 i - a beast talisman (active)
Scrolls
 g - 2 scrolls of vulnerability
 m - a scroll of poison
 n - a scroll of teleportation
 p - 2 scrolls of identify
Potions
 a - a potion of berserk rage
 j - 2 potions of curing
 s - a potion of mutation
 t - a potion of lignification


   Skills:
 - Level 3.0 Fighting
 + Level 4.3 Dodging
 * Level 5.4 Unarmed Combat
 * Level 4.9 Evocations
 * Level 4.0 Shapeshifting


You had 7 spell levels left.
You didn't know any spells.
Your spell library contained the following spells:

 Spells                   Type           Power      Damage    Failure   Level
 Call Canine Familiar     Summ           0%         N/A       71%         3
 Sigil of Binding         Hex            0%         N/A       71%         3
 Dimensional Bullseye     Hex/Tloc       0%         N/A       98%         4
 Malign Gateway           Summ/Tloc      0%         N/A       100%        7
 Summon Horrible Things   Summ           0%         N/A       100%        8


Dungeon Overview and Level Annotations

Branches:
Dungeon (6/15)
 Temple: D:4-7

Altars:

Shops:
D:1 [   D:6 !

Annotations:
D:6 Jeremiah


Innate Abilities, Weirdness & Mutations

You are a hulking beast.
Your limbs bulge with bestial killing power. (Slay +2)
You sometimes emit foul miasma when damaged in melee.
Your touch may inflict irresistible damage on your foes.


Message History

You feel drained.
An orc comes into view. It is wielding a +0 dagger.
You completely miss Jeremiah.
The butterfly disappears in a burst of colours!
Jeremiah hops!
The butterfly disappears in a burst of colours! x2
The butterfly disappears in a burst of colours! x4
There is a stone staircase leading up here.
The butterfly disappears in a burst of colours!
The butterfly disappears in a burst of colours! x3
Jeremiah sobs, "I don't want it.
Make it stop!
Make it stop!"
Jeremiah mumbles a slurred invocation.
Something smites you!
Jeremiah hops!
You hit the orc.
The orc is almost dead.
The butterfly disappears in a burst of colours! x2
The orc barely misses you.
Jeremiah lets out a twisted cry.
Something smites you! The orc closely misses you.
You are too injured to fight recklessly!
You are too injured to fight recklessly!
The orc attacks as it pursues you! The orc hits you but does no damage.
You sock the orc!
You kill the orc!
The orc hits you with a +0 mace. The orc closely misses you.
There is a stone staircase leading up here.
You see here a +0 dagger.
The butterfly disappears in a burst of colours!
Jeremiah mumbles a slurred invocation.
Something smites you!
* * * LOW HITPOINT WARNING * * *
The orc closely misses you.
You climb upwards.
There is a stone staircase leading down here.
You hit the orc but do no damage.
The orc is severely wounded.
The orc hits you with a +0 mace.
You die...

##............#.# ##..
####.........##....######.
##............###.......##.
#######..###........# ###...#..#.
........## #........# #.#.##.#.
#..###### #####.#### #........
##..## #.# ##..#.... ##..# #.#
###....... ##.# ###h## #........#
####)## #(.o.######.#......#
...#>)########...................
................................?
<........................#######.
..........[[.......####### #.
................#.##### #.
..........[...........# #.
......................# #.


You could see an orc.

Vanquished Creatures
  Grinder (D:4)
  An ogre (D:5)
  A centaur (D:5)
  A phantom (D:5)
  2 bullfrogs
  2 scorpions (D:5)
  A howler monkey (D:5)
  2 orc priests (D:5)
  3 hounds
  A jelly (D:5)
  An iguana (D:4)
  2 orc wizards (D:5)
  Robin (D:1)
  3 gnolls
  4 adders
  A white imp (D:5)
  A ribbon worm (D:2)
  2 dart slugs
  16 orcs
  4 ball pythons
  6 endoplasms
  2 giant cockroaches (D:1)
  13 goblins
  11 hobgoblins
  2 jackals (D:2)
  5 quokkas
  4 bats
  A frilled lizard (D:1)
  8 kobolds
  9 rats
111 creatures vanquished.

Vanquished Creatures (others)
  An adder (D:5)
1 creature vanquished.

Grand Total: 112 creatures vanquished

Notes
Turn   | Place    | Note
-------+----------+-------------------------------------------
     0 | D:1      | Gadfly the Demonspawn Monk began the quest for the Orb.
     0 | D:1      | Reached XP level 1. HP: 18/18 MP: 1/1
   248 | D:1      | Gained mutation: You may rarely emit foul miasma when
                  | damaged in melee. [demonic ancestry]
   248 | D:1      | Reached XP level 2. HP: 6/24 MP: 2/2
   475 | D:1      | Reached skill level 1 in Evocations
   727 | D:1      | Found a faded altar of an unknown god.
   829 | D:1      | Reached skill level 3 in Unarmed Combat
   847 | D:1      | Found Maaffah's Armour Shoppe.
  1012 | D:2      | Reached skill level 1 in Shapeshifting
  1035 | D:2      | Gained mutation: You sometimes emit foul miasma when
                  | damaged in melee. [demonic ancestry]
  1035 | D:2      | Reached XP level 3. HP: 29/29 MP: 3/3
  1450 | D:2      | Noticed Robin
  1695 | D:1      | Killed Robin
  1696 | D:1      | Reached XP level 4. HP: 12/35 MP: 4/4
  2687 | D:4      | Gained mutation: Your touch may inflict minor irresistible
                  | damage on your foes. [demonic ancestry]
  2687 | D:4      | Reached XP level 5. HP: 31/41 MP: 5/5
  2957 | D:4      | Noticed Grinder
  2967 | D:4      | Paralysed by Grinder for 3 turns
  2998 | D:4      | Paralysed by Grinder for 2 turns
  3009 | D:4      | Killed Grinder
  3010 | D:4      | Reached skill level 4 in Unarmed Combat
  3010 | D:4      | Reached XP level 6. HP: 23/47 MP: 6/6
  3345 | D:1      | Bought a +0 pair of boots for 45 gold pieces
  3413 | D:5      | Entered Level 5 of the Dungeon
  3798 | D:5      | Gained mutation: Your touch may inflict irresistible damage
                  | on your foes. [demonic ancestry]
  3798 | D:5      | Reached XP level 7. HP: 7/52 MP: 7/7
  4201 | D:5      | Reached skill level 5 in Unarmed Combat
  4621 | D:5      | Reached XP level 8. HP: 44/58 MP: 8/8
  5023 | D:6      | Found Pajom's Distillery.
  5026 | D:6      | Bought a potion of mutation for 104 gold pieces
  5026 | D:6      | Bought a potion of lignification for 39 gold pieces
  5059 | D:6      | Noticed Jeremiah
  5302 | D:5      | Slain by an orc

Illustrated notes

Levels and vault maps discovered:
D:1:      arrival_zaba_pyramid, layout_loops_ring, serial_shops, shop,
          dilly_ecumenical_altar_fadedgnrine
D:2:      layout_basic, uniq_robin
D:3:      layout_basic, hangedman_decor_growths
D:4:      layout_rooms, uniq_grinder
D:5:      layout_rooms
D:6:      layout_gridville, mainiacjoe_overflow_concentric_impassable,
          minmay_temple_entry_hall, serial_shops,
          nicolae_shop_tiny_statue_garden, shop, nicolae_shop_hallway_stairs,
          nicolae_shop_statue_plus, nicolae_shop_statue_plus,
          serial_bayou_pond_b, serial_bayou_lagoon_b, uniq_jeremiah

Skill      XL: |  1  2  3  4  5  6  7  8 |
---------------+-------------------------+-----
Evocations     | 1 2 3 4 |  4.9
Unarmed Combat | 3 4 5 |  5.4
Shapeshifting  | 1 2 3 4 |  4.0
Dodging        | 3 4 |  4.3
Fighting       | |  3.0

Action                     |  1- 3 |  4- 6 |  7- 9 || total
---------------------------+-------+-------+-------++-------
  Melee: Unarmed           |   163 |    70 |    18 ||   251
         Short sword       |       |    64 |    68 ||   132
         Touch             |       |     5 |     2 ||     7
         Punch             |       |     3 |     1 ||     4
         Flail             |       |       |    30 ||    30
    Use: Scroll            |     5 |     6 |     1 ||    12
         Potion            |     1 |     2 |       ||     3
 Armour: Robe              |    83 |       |       ||    83
         Animal skin       |       |    78 |    90 ||   168
  Dodge: Dodged            |   118 |    86 |    95 ||   299
   Form: Beast             |       |       |     1 ||     1
